 Dungeon Crawl Stone Soup version 0.31-a0-654-gbe3e110b4e (webtiles) character file.

Game seed: 10555547411726556987

1514 Hubris850 the Ducker (level 8, 0/54 HPs)
             Began as a Merfolk Shapeshifter on Aug 29, 2023.
             Was a Believer of Elyvilon.
             Slain by a hornet (5 damage)
             ... on level 7 of the Dungeon.
             The game lasted 00:17:02 (6544 turns).

Hubris850 the Ducker (Merfolk Shapeshifter)         Turns: 6544, Time: 00:17:02

Health: 0/54       AC: 20    Str: 14    XL:     8   Next: 83%
Magic:  13/13      EV:  9    Int: 10    God:    Elyvilon [**....]
Gold:   185        SH:  0    Dex: 15    Spells: 11/14 levels left

rFire   . . .        h - melded +3 whip (protect)
rCold   . . .        (shield currently unavailable)
rNeg    . . .        t - +3 chain mail {rPois}
rPois   +            (no helmet)
rElec   .            n - +0 cloak
rCorr   .            p - +1 pair of gloves
SInv    .            f - +1 pair of boots
Will    .....        (no amulet) Stlth
                     l - +4 ring of protection
HPRegen 0.29/turn    (no ring)
MPRegen 0.13/turn

%: no passive effects
@: lethally poisoned (0 -> -3), flux-form, glowing
A: glow, contaminating, reduced hp, (nimble swimmer 2), mertail
a: Begin Untransformation, Renounce Religion, Purification, Heal Other


You were on level 7 of the Dungeon.
You worshipped Elyvilon.
Elyvilon was pleased with you.
You were something dangerously unstable.
You visited 1 branch of the dungeon, and saw 7 of its levels.
You also visited: Sewer.

You collected 350 gold pieces.
You spent 165 gold pieces at shops.

Inventory:

Hand Weapons
 e - a +0 dagger
 h - a +3 whip of protection (melded)
 q - the +1 flail "Lanue" {flame, rF+++ Str-4 Int+6}
   (You found it in a sewer)

   Str-4:     It affects your strength (-4).
   Int+6:     It affects your intelligence (+6).
   rF+++:     It renders you almost immune to fire.
 u - a +0 sling of electrocution
 E - a +5 falchion
 F - a +5 morningstar of freezing
Missiles
 o - a curare-tipped dart
Armour
 a - a +0 animal skin
 f - a +1 pair of boots (worn)
 m - a +0 ring mail
 n - a +0 cloak (worn)
 p - a +1 pair of gloves (worn)
 t - a +3 chain mail of poison resistance (worn)
Jewellery
 l - a +4 ring of protection (left hand)
Talismans
 c - a beast talisman
 d - a flux talisman (active)
Wands
 r - a wand of charming (17)
 B - a wand of flame (15)
 D - a wand of roots (4)
Scrolls
 i - 2 scrolls of revelation
 k - 2 scrolls of teleportation
 s - 2 scrolls of poison
 w - 2 scrolls of enchant weapon
 y - a scroll of identify
 C - a scroll of silence
Potions
 b - a potion of lignification
 g - a potion of haste
 j - 4 potions of magic
 v - a potion of heal wounds
 x - a potion of brilliance
 z - a potion of invisibility
 A - a potion of curing


   Skills:
 - Level 4.0 Fighting
 - Level 2.0 Armour
 - Level 7.0 Dodging
 + Level 5.8 Unarmed Combat
 + Level 3.5 Spellcasting
 + Level 4.2 Ice Magic
 - Level 6.0 Shapeshifting


You had 11 spell levels left.
You knew the following spells:

 Your Spells              Type           Power      Damage    Failure   Level
a - Ozocubu's Armour      Ice            10%        N/A       94%         3

Your spell library contained the following spells:

 Spells                   Type           Power      Damage    Failure   Level
 Ensorcelled Hibernation  Hex/Ice        12%        N/A       96%         2
 Apportation              Tloc           2%         N/A       99%         1
 Hailstorm                Conj/Ice       6%         3d4       99%         3
 Blink                    Tloc           2%         N/A       100%        2
 Passwall                 Tmut/Erth      0%         N/A       100%        2
 Swiftness                Air            1%         N/A       100%        3
 Manifold Assault         Tloc           1%         N/A       100%        4
 Summon Ice Beast         Ice/Summ       6%         N/A       100%        4
 Alistair's Intoxication  Tmut/Pois      0%         N/A       100%        5
 Simulacrum               Ice/Necr       3%         N/A       100%        6
 Ozocubu's Refrigeration  Ice            5%         4d8       100%        7


Dungeon Overview and Level Annotations

Branches:
Dungeon (7/15)             Temple (0/1) D:5           Sewer (visited)

Altars:
Cheibriados
Elyvilon
Fedhas
Kikubaaqudgha
Nemelex Xobeh
Qazlal
Uskayaw
Wu Jian

Shops:
D:2 *   D:3 [*?[


Innate Abilities, Weirdness & Mutations

You are something dangerously unstable.
You glow with magical radiation, making you easy to see and hit.
Foes you strike become dangerously contaminated with magical radiation.
Your maximum health is decreased, since you lack skill for your form.
You are incapable of wielding weapons or throwing items.
((You are very nimble when in or above water. (Stealth+, EV+, Speed+++)))
Your lower body shifts to a powerful aquatic tail in water.


Message History

You closely miss the hornet. The hornet stings you.
You feel yourself slow down. The hornet stings you!
You feel as though you will be slow longer.
You barely miss the hornet.
The hornet stings you but does no damage. x2
You miss the hornet. The hornet stings you. The hornet barely misses you.
You hit the hornet but do no damage.
The hornet begins to glow.
You feel yourself speed up.
The hornet stings you but does no damage.
The hornet completely misses you.
You hit the hornet.
The hornet glows dangerously bright.
The hornet is lightly wounded.
The hornet stings you!
You are poisoned.
You feel yourself slow down.
You hit the hornet.
The hornet shudders as magic cascades through it!
The hornet twists and deforms.
The hornet is heavily wounded.
You feel very sick. The hornet barely misses you. The hornet stings you!
* * * LOW HITPOINT WARNING * * *
You hit the hornet.
The hornet begins to glow.
The hornet is heavily wounded.
You feel sick. The hornet misses you. The hornet barely misses you.
You hit the hornet.
The hornet glows dangerously bright.
The hornet is heavily wounded.
You feel yourself speed up.
You feel sick. The hornet stings you.
* * * LOW HITPOINT WARNING * * *
The hornet completely misses you.
You hit the hornet.
The hornet shudders as magic cascades through it!
The hornet twists and deforms.
The hornet is almost dead.
You feel sick. The hornet barely misses you.
You closely miss the hornet.
The hornet is almost dead.
You feel sick. The hornet stings you.
You die...

#
#.#####.#
# #.# . #
#.#
######
#.#
......
#.###
......
#.#.#
......
#...#
......
###.#
......
#B#
######
#y# # #.#
#######
..#
#......
###
.......
#......
###...# #
..#


You could see a hornet (misshapen).

Vanquished Creatures
  Pargi (Sewer)
  A sky beast (D:6)
  2 ice beasts
  A black bear (D:6)
  A phantom (D:6)
  A kobold brigand (Sewer)
  A scorpion (D:5)
  5 wights (D:7)
  3 hounds (D:4)
  An orc priest (D:6)
  3 jellies
  An orc wizard (D:6)
  2 sleepcaps (D:6)
  3 iguanas
  8 adders
  A river rat (D:3)
  4 worms
  5 dart slugs
  10 orcs
  7 bats
  5 endoplasms
  6 giant cockroaches
  10 goblins
  9 hobgoblins
  2 jackals (D:3)
  2 quokkas
  8 ball pythons
  6 frilled lizards
  10 kobolds
  12 rats
131 creatures vanquished.

Vanquished Creatures (collateral kills)
  A hound (D:5)
1 creature vanquished.

Grand Total: 132 creatures vanquished

Notes
Turn   | Place    | Note
-------+----------+-------------------------------------------
     0 | D:1      | Hubris850 the Merfolk Shapeshifter began the quest for the
                  | Orb.
     0 | D:1      | Reached XP level 1. HP: 15/15 MP: 1/1
    92 | D:1      | Reached skill level 3 in Dodging
    97 | D:1      | Reached XP level 2. HP: 21/21 MP: 2/2
   519 | D:1      | Reached XP level 3. HP: 26/26 MP: 3/3
  1353 | D:2      | Reached XP level 4. HP: 28/32 MP: 4/4
  1354 | D:2      | Reached skill level 5 in Shapeshifting
  1580 | D:2      | Found Higemuuv's General Store.
  1756 | D:2      | Noticed a golden eye
  1757 | D:2      | Found a faded altar of an unknown god.
  1760 | D:2      | Noticed a floating eye
  1760 | D:2      | Noticed a shining eye
  1760 | D:2      | Noticed a golden eye
  2041 | D:3      | Found Qesurgh's Magic Scroll Boutique.
  2084 | D:3      | Found Ceallag's Antique Armour Shoppe.
  2102 | D:3      | Found a blossoming altar of Fedhas.
  2118 | D:3      | Found a glowing drain.
  2135 | Sewer    | Entered a sewer
  2151 | Sewer    | Noticed a kobold brigand
  2159 | Sewer    | Killed a kobold brigand
  2160 | Sewer    | Reached skill level 5 in Unarmed Combat
  2160 | Sewer    | Reached XP level 5. HP: 27/37 MP: 5/5
  2165 | Sewer    | Noticed Pargi
  2173 | Sewer    | Killed Pargi
  2174 | Sewer    | Reached skill level 1 in Armour
  2174 | Sewer    | Reached skill level 4 in Dodging
  2174 | Sewer    | Reached XP level 6. HP: 29/44 MP: 6/6
  2239 | Sewer    | Identified the +1 flail "Lanue" {flame, rF+++ Str-4 Int+6}
  2455 | D:3      | Found Hucuzio's Assorted Antiques.
  2627 | D:3      | Found Tiubliva's Antique Armour Emporium.
  2825 | D:3      | Bought a glowing chain mail for 165 gold pieces
  3121 | D:4      | Found a snail-covered altar of Cheibriados.
  3546 | D:4      | Reached XP level 7. HP: 46/51 MP: 7/7
  3577 | D:4      | Found a stormy altar of Qazlal.
  3581 | D:4      | Found a white marble altar of Elyvilon.
  3594 | D:4      | Became a worshipper of Elyvilon the Healer
  3619 | D:5      | Entered Level 5 of the Dungeon
  3628 | D:5      | Found an ancient bone altar of Kikubaaqudgha.
  3655 | D:5      | Reached skill level 5 in Dodging
  3863 | D:5      | Found a hide-covered altar of Uskayaw.
  4012 | D:5      | Found a sparkling altar of Nemelex Xobeh.
  4021 | D:5      | Found a staircase to the Ecumenical Temple.
  4153 | D:5      | Reached * piety under Elyvilon
  4455 | D:5      | Elyvilon protects you from harm!
  4470 | D:5      | Reached skill level 6 in Dodging
  4812 | D:5      | Learned a level 3 spell: Ozocubu's Armour
  4846 | D:6      | Found an ornate altar of the Wu Jian Council.
  4926 | D:6      | Reached skill level 1 in Ice Magic
  5064 | D:6      | Reached skill level 1 in Spellcasting
  5193 | D:6      | Reached XP level 8. HP: 25/60 MP: 9/9
  5511 | D:6      | Reached skill level 7 in Dodging
  5677 | D:6      | Reached ** piety under Elyvilon
  6532 | D:7      | Noticed a hornet
  6544 | D:7      | Slain by a hornet

Illustrated notes

Levels and vault maps discovered:
D:1:      reono_arrival_mine, layout_loops_ring, chequers_serial_rivers_large_a
D:2:      layout_basic, hellmonk_ecumenical_altar_watching_god, serial_shops,
          shop, minmay_divided_ellipse
D:3:      layout_loops_ring, fedhas_altar_1, serial_shops, shop,
          nicolae_shop_pleasant_corner_grove, nicolae_shop_hallway_stairs, shop,
          portal_sewer_entry_b, grunt_decor_fettered,
          dreamdust_princess_corridor
D:4:      layout_rooms, kennysheep_slug_shrine, minitemple
D:5:      layout_gridville, nemelex_xobeh_ov_fountains_minmay,
          nicolae_uskayaw_murder_on_the_dancefloor,
          mainiacjoe_overflow_brackets, minmay_temple_entry_trees
D:6:      layout_basic, mainiacjoe_overflow_boulevard
D:7:      layout_basic, xom_confusion_cloud,
          mainiacjoe_overflow_small_starburst, ebering_ghost_disaster_area

Skill      XL: |  1  2  3  4  5  6  7  8 |
---------------+-------------------------+-----
Dodging        | 3 4 6 7 |  7.0
Unarmed Combat | 4 5 |  5.8
Shapeshifting  | 6 |  6.0
Fighting       | 2 4 |  4.0
Armour         | 1 2 |  2.0
Ice Magic      | 1 4 |  4.2
Spellcasting   | 1 3 |  3.5

Action                     |  1- 3 |  4- 6 |  7- 9 || total
---------------------------+-------+-------+-------++-------
  Melee: Unarmed           |    15 |       |    63 ||    78
         Whip              |    77 |   157 |   266 ||   500
         Punch             |     3 |     5 |     7 ||    15
         Tailslap          |       |     1 |       ||     1
Ability: Begin Untransform |     1 |     2 |       ||     3
  Evoke: Wand              |       |       |     2 ||     2
    Use: Scroll            |     7 |     7 |     3 ||    17
         Potion            |       |       |     1 ||     1
   Stab: Sleeping          |     3 |       |       ||     3
 Armour: Animal skin       |    21 |     2 |       ||    23
         Ring mail         |       |    29 |       ||    29
         Chain mail        |       |    48 |   240 ||   288
  Dodge: Dodged            |    67 |    65 |   111 ||   243
   Form: Beast             |     1 |     1 |       ||     2
         Flux              |       |       |     1 ||     1

Table legend: (Time is in decaauts)
 A = Elapsed time spent in this place.
 B = Non-inter-level travel time spent in this place.
 C = Inter-level travel time spent in this place.
 D = Time resting spent in this place.
 E = Time spent auto-exploring this place.
 F = Levels seen in this place.
 G = Mean time per level.
                   A        B        C        D        E       F      G
               +--------+--------+--------+--------+--------+-----+--------+
         Total |   6558 |   6375 |    183 |    763 |   4071 |   8 |  819.8 |
       Dungeon |   6382 |   6199 |    183 |    717 |   4071 |   7 |  911.7 |
         Sewer |    176 |    176 |      0 |     46 |      0 |   1 |  176.0 |
               +--------+--------+--------+--------+--------+-----+--------+

Top non-repeatable levels by time:
     D:6: 1391 daAuts
     D:5: 1226 daAuts
     D:2: 1202 daAuts
     D:3: 919 daAuts
     D:1: 738 daAuts
     D:4: 576 daAuts
     D:7: 328 daAuts
   Sewer: 176 daAuts
